 Dungeon Crawl Stone Soup version 0.31-a0-369-g8eba5f6939 (webtiles) character file.

Game seed: 12558632702316889606

345380 Flugkiller the Skinwalker (level 21, -2/230 HPs)
             Began as a Demonspawn Shapeshifter on July 28, 2023.
             Was a Priest of Uskayaw.
             Slain by a deep troll (21 damage)
             ... on level 3 of the Depths.
             The game lasted 00:50:03 (37848 turns).

Flugkiller the Skinwalker (DsSh)                   Turns: 37848, Time: 00:50:04

Health: -2/230     AC: 35    Str: 23    XL:     21   Next: 17%
Magic:  20/26      EV: 22    Int: 11    God:    Uskayaw [***...]
Gold:   5112       SH:  6    Dex: 19    Spells: 20/20 levels left

rFire   . .          .
                       - Unarmed
rCold   + . .        y - +2 buckler
rNeg    + . .        u - melded +0 troll leather armour
rPois   ∞            (helmet restricted)
rElec   +            (cloak unavailable)
rCorr   .            (gloves unavailable)
SInv    .            (boots currently unavailable)
Will    ++...        j - amulet of Vitality {RegenMP++ Regen++}
Stlth   ++           K - ring of Existentialism {rC+ Str+3}
HPRegen 2.18/turn    v - +5 ring of evasion
MPRegen 1.00/turn

%: no passive effects
@: mighty, statue-form, hasted
A: slow and powerful, torment resistance 1, boosted hp, antennae 2, claws 3,
demonic guardian 2, icemail 2, torment resistance 1, condensation shield,
demonic willpower, weakness stinger 3, low MP 1
}: 2/15 runes: barnacled, gossamer
a: Begin Untransformation, Renounce Religion, Stomp, Line Pass


You were on level 3 of the Depths.
You worshipped Uskayaw.
Uskayaw was aware of your devotion.
You were a living statue of rough stone.
You visited 7 branches of the dungeon, and saw 37 of its levels.
You visited the Abyss 1 time.
You also visited: Desolation.

You collected 5390 gold pieces.
You spent 278 gold pieces at shops.

Inventory:

Missiles
 m - 9 curare-tipped darts
 D - 4 throwing nets
Armour
 u - a +0 troll leather armour (melded)
   (You found it on level 10 of the Dungeon)
 y - a +2 buckler (worn)
   (You found it on level 10 of the Dungeon)
Jewellery
 c - a +4 ring of protection
   (You found it on level 2 of the Vaults)
 i - a ring of see invisible
   (You found it on level 9 of the Dungeon)
 j - the amulet of Vitality (around neck) {RegenMP++ Regen++}
   (You found it on level 14 of the Dungeon)

   [amulet of magic regeneration]

   It increases your rate of magic regeneration.
   Regen:     It increases your rate of health regeneration.
 n - a ring of magical power
   (You took it off a spriggan air mage on level 2 of the Depths)
 p - a ring of protection from fire
   (You found it on level 4 of the Spider Nest)
 v - a +5 ring of evasion (right claw)
   (You found it on level 15 of the Dungeon)
 K - the ring of Existentialism (left claw) {rC+ Str+3}
   (You took it off an imperial myrmidon in the Desolation of Salt)

   [ring of protection from cold]

   Str:       It affects your strength (+3).
   rC:        It protects you from cold.
 U - the ring of Wuequm {rElec rCorr Str-2 Dex+6}
   (You found it on level 3 of the Spider Nest)

   [ring of dexterity]

   Str:       It affects your strength (-2).
   Dex:       It affects your dexterity (+6).
   rElec:     It insulates you from electricity.
   rCorr:     It protects you from acid and corrosion.
Talismans
 g - a dragon-blood talisman
   (You found it on level 2 of the Dungeon)
 Q - a granite talisman
   (You took it off Roxanne on level 1 of the Spider Nest)
Wands
 a - a wand of roots (13)
   (You found it on level 2 of the Vaults)
 k - a wand of charming (16)
   (You found it on level 3 of the Dungeon)
 x - a wand of digging (2)
   (You found it on level 10 of the Dungeon)
 G - a wand of mindburst (4)
   (You found it on level 2 of the Lair of Beasts)
 P - a wand of acid (12)
   (You found it on level 15 of the Dungeon)
Scrolls
 b - a scroll of acquirement
 e - a scroll of brand weapon
 r - 12 scrolls of identify
 t - 9 scrolls of teleportation
 z - 2 scrolls of blinking
 A - 2 scrolls of fear
 B - 3 scrolls of revelation
 I - 4 scrolls of poison
 J - 4 scrolls of immolation
 L - 5 scrolls of enchant armour
 N - 3 scrolls of vulnerability
 O - a scroll of silence
 T - 3 scrolls of torment
 Y - a scroll of fog
 Z - a scroll of summoning
Potions
 d - 4 potions of might
 f - 2 potions of cancellation
 l - 6 potions of mutation
 q - 6 potions of curing
 s - 2 potions of lignification
 C - 2 potions of magic
 E - a potion of resistance {unknown}
 H - 5 potions of attraction
 M - 3 potions of invisibility
 R - 3 potions of ambrosia
 S - a potion of berserk rage
 V - 2 potions of enlightenment
Miscellaneous
 o - a phial of floods
   (You found it on level 3 of the Vaults)
 w - a box of beasts
   (You found it on level 4 of the Shoals)
 W - a phantom mirror
   (You found it on level 4 of the Shoals)


   Skills:
 + Level 18.1 Fighting
 - Level 8.0 Dodging
 + Level 16.8 Unarmed Combat
 - Level 11.0 Invocations
 - Level 6.0 Evocations
 * Level 21.4 Shapeshifting


You had 20 spell levels left.
You didn't know any spells.
Your spell library contained the following spells:

 Spells                   Type           Power      Damage    Failure   Level
 Apportation              Tloc           0%         N/A       41%         1
 Foxfire                  Conj/Fire      0%         2x1d4     41%         1
 Freeze                   Ice            0%         1d3       41%         1
 Kiss of Death            Conj/Necr      0%         2d5       41%         1
 Magic Dart               Conj           0%         1d3       41%         1
 Sandblast                Erth           0%         2d4       41%         1
 Shock                    Conj/Air       0%         1d3       41%         1
 Slow                     Hex            0%         N/A       41%         1
 Sting                    Tmut/Pois      0%         1d3       41%         1
 Summon Small Mammal      Summ           0%         N/A       41%         1
 Ensorcelled Hibernation  Hex/Ice        0%         N/A       54%         2
 Passwall                 Tmut/Erth      0%         N/A       54%         2
 Poisonous Vapours        Pois/Air       0%         N/A       54%         2
 Searing Ray              Conj           0%         2d4       54%         2
 Wereblood                Tmut           0%         N/A       54%         2
 Call Canine Familiar     Summ           0%         N/A       78%         3
 Confusing Touch          Hex            0%         N/A       78%         3
 Frozen Ramparts          Ice            0%         1d1       78%         3
 Hailstorm                Conj/Ice       0%         3d3       78%         3
 Inner Flame              Hex/Fire       0%         N/A       78%         3
 Mephitic Cloud           Conj/Pois/Air  0%         N/A       78%         3
 Stone Arrow              Conj/Erth      0%         3d7       78%         3
 Summon Guardian Golem    Hex/Summ       0%         N/A       78%         3
 Swiftness                Air            0%         N/A       78%         3
 Vampiric Draining        Necr           0%         2d6       78%         3
 Vhi's Electric Charge    Tloc/Air       0%         N/A       78%         3
 Animate Armour           Summ/Erth      0%         N/A       99%         4
 Animate Dead             Necr           0%         N/A       99%         4
 Fulminant Prism          Conj/Hex       0%         3d5       99%         4
 Manifold Assault         Tloc           0%         N/A       99%         4
 Olgreb's Toxic Radiance  Pois           0%         N/A       99%         4
 Summon Ice Beast         Ice/Summ       0%         N/A       99%         4
 Summon Lightning Spire   Summ/Air       0%         N/A       99%         4
 Alistair's Intoxication  Tmut/Pois      0%         N/A       100%        5
 Arcjolt                  Conj/Air       0%         1d10      100%        5
 Borgnjor's Vile Clutch   Necr/Erth      0%         N/A       100%        5
 Freezing Cloud           Conj/Ice/Air   0%         6-21      100%        5
 Lee's Rapid Deconstruct  Erth           0%         3d4*      100%        5
 Summon Forest            Summ/Tloc      0%         N/A       100%        5
 Summon Mana Viper        Hex/Summ       0%         N/A       100%        5
 Yara's Violent Unravell  Hex/Tmut       0%         3d3       100%        5
 Death Channel            Necr           0%         N/A       100%        6
 Dispersal                Tloc           0%         N/A       100%        6
 Eringya's Noxious Bog    Tmut/Pois      0%         4d6       100%        6
 Plasma Beam              Fire/Air       0%         2x1d10    100%        6
 Simulacrum               Ice/Necr       0%         N/A       100%        6
 Starburst                Conj/Fire      0%         6d3       100%        6
 Summon Cactus Giant      Summ           0%         N/A       100%        6
 Enfeeble                 Hex            0%         N/A       100%        7
 Ozocubu's Refrigeration  Ice            0%         4d7       100%        7
 Spellforged Servitor     Conj/Summ      0%         N/A       100%        7
 Summon Hydra             Summ           0%         N/A       100%        7
 Death's Door             Necr           0%         N/A       100%        9
 Polar Vortex             Ice            0%         N/A       100%        9
 Sublimation of Blood     Necr           Unusable   N/A       N/A         2

Dungeon Overview and Level Annotations

Branches:
Dungeon (15/15) Zot: 25461  Temple (0/1) D:6            Lair (5/5) D:8 Zot: 23588
 Shoals (4/4) Lair:3 Zot: 18856  Spider (4/4) Lair:2 Zot: 18061   Slime (0/5) Lair:4
    Orc (2/2) D:10 Zot: 10649     Elf (0/3) Orc:2        Vaults (4/5) D:14 Zot: 18163
  Crypt (0/3) Vaults:2     Depths (2/4) D:15 Zot: 16603 Desolation (visited)

Altars:
Ashenzari
Dithmenos
Gozag
Makhleb
Nemelex Xobeh
Okawaru
Qazlal
Ru
Sif Muna
Uskayaw
Xom
Lugonu

Shops:
D:7 (   D:11 ?*   Orc:2 ?[(*   Vaults:1 [   Vaults:3 *   Vaults:4 (
Depths:1 (   Depths:2 (

Portals:
Hell: Depths:1 Depths:2
Trove: D:10 (give 2 scrolls of acquirement)

Annotations:
D:7 1 runed translucent door, MrCrawl's ghost, novice TeFE
D:9 2 transporters, 3 runed translucent doors, Tenar's ghost, novice DsEE
D:11 1 runed translucent door, Flugkiller's ghost, novice DsSh
Lair:3 exclusion: 4 oklob plants


Innate Abilities, Weirdness & Mutations

You are a living statue of rough stone.
Your actions are slow, but your melee attacks are powerful.
You are resistant to unholy torment.
Your maximum health is greatly increased.
Your equipment is partially melded.
You are immune to poison.
You have a pair of antennae on your head.
You have claws for hands.
A demonic guardian rushes to your aid.
A meltable icy envelope protects you from harm. (AC +0)
You are resistant to unholy torment.
A meltable shield of frost defends you. (SH +0)
You punish those that try to bend your will. (Will+)
You have a sharp stinger which inflicts weakening toxins.
Your magical capacity is low. (-10% MP)


Message History

The deep troll claws you but does no damage.
You block the deep troll's attack.
A caustic shrike comes into view.
You scratch the walking crystal tome.
You tail-slap the walking crystal tome, but do no damage.
The walking crystal tome is severely damaged.
The deep troll bites you but does no damage.
The deep troll claws you!
The deep troll claws you but does no damage.
A deep troll comes into view.
The fire dragon breathes flames at you.
The blast of flame hits you but does no damage.
The walking crystal tome closely misses you.
You hear a loud rustle.
You hear an angry buzzing noise.
You claw the walking crystal tome!
The walking crystal tome is almost destroyed.
The deep troll closely misses you. The deep troll misses you.
The deep troll claws you but does no damage.
The fire dragon bites you.
* * * LOW HITPOINT WARNING * * *
The fire dragon completely misses you. The fire dragon misses you.
You eviscerate the walking crystal tome!!!
You destroy the walking crystal tome!
You block the deep troll's attack. The deep troll closely misses you.
You block the deep troll's attack.
Uskayaw will force your foes to helplessly watch your dance.
You closely miss the deep troll. You block the deep troll's attack.
The deep troll claws you but does no damage.
The deep troll misses you. You block the fire dragon's attack.
The fire dragon misses you.
The fire dragon tramples you but does no damage.
A deep troll comes into view.
You closely miss the deep troll. The deep troll misses you.
The deep troll completely misses you.
The deep troll claws you but does no damage.
A deep troll comes into view.
The fire dragon bites you!
* * * LOW HITPOINT WARNING * * *
The fire dragon barely misses you. You block the fire dragon's attack.
You mangle the caustic shrike!! You tail-slap the caustic shrike!
The caustic shrike looks weaker.
The caustic shrike is heavily wounded.
You hear a loud rustle.
The deep troll bites you but does no damage.
You block the deep troll's attack. The deep troll barely misses you.
The caustic shrike claws you but does no damage.
A spark wasp comes into view.
You eviscerate the caustic shrike!!! You tail-slap the caustic shrike!
The caustic shrike is almost dead.
The caustic shrike claws you but does no damage.
You hear a grinding noise.
The fire dragon completely misses you.
The fire dragon claws you but does no damage.
The fire dragon tramples you but does no damage.
The deep troll closely misses you. You block the deep troll's attack.
The deep troll misses you. The caustic shrike misses you.
Uskayaw will force your foes to share their pain.
A deep troll earth mage comes into view.
You claw the caustic shrike!
Your tail-slap misses the caustic shrike.
The caustic shrike is almost dead.
The caustic shrike closely misses you.
The deep troll completely misses you. x2
The deep troll claws you but does no damage.
The fire dragon bites you.
* * * LOW HITPOINT WARNING * * *
The fire dragon claws you but does no damage.
The fire dragon closely misses you.
The deep troll shaman calls upon its god to strengthen the deep troll.
The deep troll seems to grow stronger.
A deep troll shaman comes into view.
A walking frostbound tome comes into view.
You can now merge with and destroy a victim.
Aiming: Line Pass
Press: ? - help, Dir - move target The deep troll shaman appears confused.
You can no longer merge with and destroy a victim.
The caustic shrike claws you but does no damage.
You block the deep troll shaman's attack.
The deep troll shaman claws you.
* * * LOW HITPOINT WARNING * * *
The deep troll shaman misses you.
The deep troll shaman bites itself!
The deep troll shaman claws itself! x2
The walking frostbound tome erupts in a flurry of living spells!
Unknown command.
You stomp with the beat, sending a shockwave through the revellers around you!
The deep troll is moderately wounded.
You kill the caustic shrike!
You kill the deep troll shaman!
The deep troll is moderately wounded.
The deep troll bites you!!
* * * LOW HITPOINT WARNING * * *
A demonic guardian appears!
You block the deep troll's attack. The deep troll completely misses you.
The deep troll bites you but does no damage.
The deep troll misses you. The deep troll claws you!
* * * LOW HITPOINT WARNING * * *
The fire dragon breathes flames at you. The blast of flame hits you!
* * * LOW HITPOINT WARNING * * *
You block the deep troll's attack. The deep troll claws you!!
You die...

#####
##...##
##...?.##
#.......#
#..T8T3.#
#.yT††).#
#T..DT.##
.......).#
##..####..
.;#. {....
**.# .....
*. ......#
......#


You could see a walking frostbound tome, a fire dragon, a spark wasp, 4 deep
trolls, a deep troll earth mage, 3 living spells and a friendly sixfirhy
(summoned).

Vanquished Creatures
  A juggernaut (Depths:3)
  Sojobo (Depths:1)
  A caustic shrike (Depths:3)
  Nikola (Shoals:2)
  2 liches (Depths:1)
  The ghost of vcxz the Bludgeoner, an adept NaWn of Cheibriados (Shoals:3)
  A walking crystal tome (Depths:3)
  A titan (Shoals:4)
  Asterion (Vaults:1)
  Frances (Spider:2)
  The ghost of Plog the Caster of Ruination, an adept GnAE of Vehumet (Shoals:2)
  Kirke (Lair:5)
  3 sphinxes
  A storm dragon (Depths:3)
  2 tengu reavers (Depths:1)
  Polyphemus (Shoals:2)
  Roxanne (Spider:1)
  Donald (Shoals:2)
  4 emperor scorpions
  2 imperial myrmidons (Desolation)
  5 frost giants
  4 vault wardens
  An iron dragon (Depths:3)
  Louise (Shoals:2)
  3 ghost moths
  17 ironbound preservers
  4 war gargoyles
  2 formless jellyfish
  9 ironbound thunderhulks
  3 stone giants
  A halazid warlock (Desolation)
  6 broodmothers
  Azrael (Spider:1)
  10 dire elephants
  A bunyip (Abyss:1)
  A dire elephant (shapeshifter) (Vaults:1)
  A crystal guardian (Vaults:4)
  3 mummy priests (D:14)
  6 merfolk javelineers
  5 ettins
  13 merfolk impalers
  3 jiangshi (Depths:2)
  3 fire dragons
  5 great orbs of eyes
  8 entropy weavers
  6 ragged hierophants
  2 ice dragons
  10 peacekeepers
  4 yaktaur captains
  Erolcha (D:11)
  4 merfolk avatars
  2 spriggan air magi
  6 vault guards
  A hydra (D:13)
  2 ogre magi
  6 radroaches
  5 servants of whispers (Desolation)
  7 ironbound frosthearts
  A catoblepas (Shoals:2)
  4 merfolk aquamancers
  24 centaur warriors
  A satyr (Shoals:4)
  8 boulder beetles
  A jorogumo (Spider:4)
  3 death yaks (Shoals:2)
  A tengu warrior (Depths:3)
  A deep troll shaman (Depths:3)
  2 deep troll earth magi (Depths:2)
  3 vampire magi
  6 two-headed ogres
  4 spriggan berserkers
  3 demonic crawlers
  A thrashing horror (Abyss:2)
  6 orc high priests (Orc:2)
  A spriggan (Depths:2)
  3 sun moths
  A sixfirhy (Abyss:2)
  6 hell knights (Depths:1)
  3 skysharks
  2 iron trolls (Depths:2)
  3 pharaoh ants
  14 sea snakes
  4 skeletal warriors
  15 orb spiders
  65 deep trolls
  2 flayed ghosts
  3 spectral wolf spiders (Spider:2)
  2 glowing orange brains
  11 harpies
  15 ironbound convokers
  2 wizards (Vaults:3)
  3 lindwurms (Vaults:4)
  3 wolf spider zombies (Spider:2)
  2 necromancers (Depths:1)
  12 steelbarb worms
  5 deep elf pyromancers
  2 orc knights (Orc:2)
  7 ugly things
  15 manticores
  22 wolf spiders
  8 orc sorcerers
  A worldbinder (Abyss:1)
  7 moths of wrath
  3 merfolk sirens
  7 cyclopes
  2 moths of wrath (shapeshifter) (Vaults:2)
  9 elephants
  2 guardian serpents (Desolation)
  A molten gargoyle (Desolation)
  18 slime creatures
  4 torpor snails
  A torpor snail (shapeshifter) (Vaults:1)
  A gargoyle (D:12)
  14 vault sentinels
  An orange demon (Abyss:1)
  10 water nymphs
  6 black mambas
  10 cane toads
  Maggie (D:6)
  5 kobold demonologists
  5 komodo dragons
  5 rime drakes
  3 efreet
  A yaktaur (shapeshifter) (Vaults:3)
  11 yaktaurs
  A tengu conjurer (Depths:1)
  A guardian mummy (D:14)
  2 hellwings (Abyss:2)
  A merfolk (shapeshifter) (Vaults:1)
  3 trolls
  3 meliai (Spider:4)
  12 polar bears
  11 wind drakes
  A hornet (Depths:2)
  23 merfolk
  2 wolf spider simulacra (Spider:2)
  8 blink frogs
  55 saltlings
  21 tarantellas
  A snapping turtle (shapeshifter) (Vaults:1)
  Grinder (D:6)
  7 snapping turtles
  5 air elementals (Shoals:4)
  7 dream sheep
  A jumping spider (shapeshifter) (D:13)
  2 raiju (Lair:5)
  Sigmund (D:6)
  35 jumping spiders
  A ynoxinul (Abyss:2)
  A spriggan (shapeshifter) (D:15)
  2 shadows (D:10)
  25 culicivoras
  32 yaks
  7 wyverns
  22 water elementals
  3 wraiths
  6 basilisks
  2 golden eyes (Abyss:1)
  4 fire elementals (Spider:1)
  A hog (Lair:5)
  A steam dragon (D:8)
  5 large abominations (Abyss:2)
  8 vampire mosquitoes
  Menkaure (D:14)
  74 redbacks
  2 acid dragons
  13 wargs
  10 water moccasins
  16 hell hounds
  3 ice beasts
  13 orc warriors
  8 ogres
  9 black bears
  33 wolves
  11 centaurs
  3 phantoms
  9 kobold brigands
  10 bullfrogs
  8 scorpions
  3 troll zombies (D:10)
  A small abomination (Abyss:2)
  4 electric eels (Lair:4)
  6 howler monkeys
  A crimson imp (Abyss:1)
  A lava snake (Lair:4)
  16 jellies
  2 hounds
  38 orc priests
  2 gnoll boudas
  3 iguanas
  A sleepcap (D:6)
  18 orc wizards
  5 hell rats (Lair:5)
  3 ogre zombies (D:10)
  3 mummies (D:14)
  10 gnolls
  11 adders
  A shadow imp (D:7)
  3 ufetubi
  3 worms
  90 orcs
  3 ball pythons
  7 endoplasms
  2 giant cockroaches (D:1)
  5 goblins
  6 hobgoblins
  3 jackals
  33 kobolds
  3 quokkas
  4 bats
  A frilled lizard (D:2)
  A goblin zombie (D:10)
  A hobgoblin skeleton (D:10)
  A hobgoblin zombie (D:10)
  3 orc skeletons (D:10)
  9 orc zombies (D:10)
  4 rats
1486 creatures vanquished.

Vanquished Creatures (collateral kills)
  Aizul (Shoals:1)
  A rakshasa (D:15)
  3 servants of whispers (Desolation)
  A centaur warrior (Vaults:1)
  A pharaoh ant (Spider:4)
  A sun moth (Spider:1)
  A deep troll (Vaults:4)
  A manticore (Shoals:2)
  A vault sentinel (Vaults:4)
  2 wind drakes (Shoals:4)
  2 saltlings (Desolation)
  A jumping spider (Spider:4)
  A steam dragon (D:6)
  A redback (Spider:4)
  A warg (Orc:2)
  A hell hound (Lair:5)
  3 black bears (Lair:5)
  2 bullfrogs
  An orc wizard (D:7)
  An adder (D:5)
  5 orcs
  2 goblin zombies (D:10)
  2 orc zombies (D:10)
36 creatures vanquished.

Vanquished Creatures (others)
  A ghost moth (Spider:4)
  A steelbarb worm (Spider:4)
  A wizard (Vaults:4)
  A manticore (Shoals:3)
  A human (Lair:5)
  A lava snake (Lair:4)
  An ufetubus (Abyss:1)
  An orc (D:6)
  A lurking horror (Abyss:1)
  6 starspawn tentacles (Abyss:1)
15 creatures vanquished.

Grand Total: 1537 creatures vanquished

Notes
Turn   | Place    | Note
-------+----------+-------------------------------------------
     0 | D:1      | Flugkiller the Demonspawn Shapeshifter began the quest for
                  | the Orb.
     0 | D:1      | Reached XP level 1. HP: 15/15 MP: 1/1
   322 | D:1      | Found a faded altar of an unknown god.
   417 | D:1      | Discovered your monstrous ancestry.
   417 | D:1      | Gained mutation: You have a small tail. [demonic ancestry]
   417 | D:1      | Reached XP level 2. HP: 21/21 MP: 2/2
   855 | D:2      | Reached skill level 3 in Shapeshifting
  1246 | D:3      | Found a broken altar of Ashenzari.
  1336 | D:3      | Gained mutation: You have a pair of small antennae on your
                  | head. [demonic ancestry]
  1336 | D:3      | Reached XP level 3. HP: 28/28 MP: 3/3
  1379 | D:3      | Noticed a +0 falchion
  1380 | D:3      | Noticed a +0 short sword
  1380 | D:3      | Noticed a +0 dagger
  1381 | D:3      | Noticed a +0 short sword
  1381 | D:3      | Noticed a +0 dagger
  1381 | D:3      | Noticed a +0 falchion
  1381 | D:3      | Noticed a +0 spear
  1382 | D:3      | Noticed a +0 spear
  1410 | D:3      | Found a hide-covered altar of Uskayaw.
  1429 | D:3      | Became a worshipper of Uskayaw the Reveller
  1574 | D:3      | Reached * piety under Uskayaw
  1577 | D:3      | Reached ** piety under Uskayaw
  1761 | D:4      | Gained mutation: A weak demonic guardian rushes to your
                  | aid. [demonic ancestry]
  1761 | D:4      | Reached XP level 4. HP: 35/35 MP: 4/4
  1768 | D:4      | Reached *** piety under Uskayaw
  1882 | D:4      | Noticed a scorpion
  1914 | D:4      | Killed a scorpion
  1915 | D:4      | Reached XP level 5. HP: 20/41 MP: 5/5
  2410 | D:5      | Entered Level 5 of the Dungeon
  2459 | D:5      | Reached skill level 5 in Unarmed Combat
  2459 | D:5      | Reached skill level 1 in Invocations
  2488 | D:5      | Noticed an ice beast
  2510 | D:5      | Killed an ice beast
  2511 | D:5      | Gained mutation: You have a tail ending in a sharp stinger.
                  | [demonic ancestry]
  2511 | D:5      | Reached XP level 6. HP: 48/48 MP: 5/7
  3052 | D:5      | Reached XP level 7. HP: 48/55 MP: 10/10
  3057 | D:5      | Reached **** piety under Uskayaw
  3066 | D:5      | Reached ***** piety under Uskayaw
  3087 | D:5      | Reached skill level 5 in Fighting
  3087 | D:5      | Reached skill level 5 in Invocations
  3093 | D:5      | Reached ****** piety under Uskayaw
  3254 | D:5      | Reached skill level 1 in Evocations
  3786 | D:6      | Found a staircase to the Ecumenical Temple.
  3985 | D:6      | Found a sacrificial altar of Ru.
  4099 | D:6      | Noticed Grinder
  4108 | D:6      | Killed Grinder
  4109 | D:6      | Reached skill level 4 in Shapeshifting
  4109 | D:6      | Gained mutation: A meltable shield of frost defends you.
                  | (SH +0) [demonic ancestry]
  4109 | D:6      | Reached XP level 8. HP: 46/62 MP: 11/11
  4451 | D:6      | Noticed Sigmund
  4468 | D:6      | Killed Sigmund
  4544 | D:6      | HP: 2/62 [steam dragon (2)]
  4553 | D:6      | Reached skill level 5 in Shapeshifting
  4800 | D:6      | Noticed Maggie
  4829 | D:6      | Killed Maggie
  4881 | D:6      | Identified the +1 robe "Huciuxuf" {Harm}
  4913 | D:6      | Found a shimmering blue altar of Sif Muna.
  4913 | D:6      | Found a sparkling altar of Nemelex Xobeh.
  4913 | D:6      | Found a shadowy altar of Dithmenos.
  4919 | D:6      | Found a burning altar of Makhleb.
  5181 | D:6      | Gained mutation: A meltable icy envelope protects you from
                  | harm. (AC +0) [demonic ancestry]
  5181 | D:6      | Reached XP level 9. HP: 27/69 MP: 12/12
  5405 | D:7      | Reached skill level 6 in Shapeshifting
  5839 | D:7      | Noticed a boulder beetle
  6372 | D:7      | Found a runed translucent door.
  6379 | D:7      | Noticed MrCrawl's ghost (novice TeFE)
  6386 | D:7      | Found Cibbefe's Weapon Shop.
  6878 | D:8      | Reached skill level 7 in Shapeshifting
  7378 | D:8      | Reached XP level 10. HP: 64/79 MP: 13/13
  7680 | D:8      | Found a staircase to the Lair.
  8450 | D:9      | Found a transporter.
  8452 | D:9      | Noticed a purple ugly thing
  8453 | D:9      | Found a corrupted altar of Lugonu.
  8453 | D:9      | Noticed a green ugly thing
  8630 | D:9      | Reached skill level 8 in Shapeshifting
  8698 | D:9      | Found a transporter.
  8700 | D:9      | Noticed a green ugly thing
  8745 | D:9      | Found a runed translucent gate.
  8745 | D:9      | Found a runed translucent gate.
  8745 | D:9      | Found a runed translucent gate.
  8746 | D:9      | Noticed a spectral centaur warrior
  8845 | D:9      | Noticed Tenar's ghost (novice DsEE)
  8845 | D:9      | Noticed a spectral centaur warrior
  8962 | D:10     | Entered Level 10 of the Dungeon
  9010 | D:10     | Found a portal to a secret trove of treasure.
  9042 | D:10     | Noticed a sun demon
  9048 | D:10     | Found an iron altar of Okawaru.
  9121 | D:10     | Found a staircase to the Orcish Mines.
  9129 | D:10     | Noticed an orc sorcerer
  9150 | D:10     | Killed an orc sorcerer
  9765 | D:10     | Noticed a rust devil
  9931 | D:10     | Reached XP level 11. HP: 87/87 MP: 14/14
 10069 | D:10     | Reached skill level 9 in Shapeshifting
 10380 | D:11     | Found Cuppoqut's Magic Scroll Emporium.
 10383 | D:11     | Bought a scroll of fear for 68 gold pieces
 10535 | D:11     | You fall into a shaft and drop 3 floors!
 10544 | D:14     | Noticed a centaur warrior
 10593 | D:13     | Identified a scroll of acquirement
 10594 | D:13     | Noticed a deep elf pyromancer
 10605 | D:13     | Noticed a two-headed ogre
 10623 | D:13     | Killed a two-headed ogre
 10672 | D:13     | Noticed a deep elf pyromancer
 10682 | D:13     | Killed a deep elf pyromancer
 10743 | D:12     | Noticed a two-headed ogre
 10853 | D:12     | Noticed a sun demon
 10937 | D:11     | Noticed Erolcha
 10938 | Abyss:1  | Cast into level 1 of the Abyss (Erolcha)
 10949 | Abyss:1  | Acquired 981 gold pieces
 11065 | Abyss:1  | Noticed a bone dragon
 11157 | Abyss:1  | Noticed a starcursed mass
 11176 | Abyss:1  | Noticed a bunyip
 11189 | Abyss:1  | Killed a bunyip
 11226 | Abyss:1  | Noticed a tentacled starspawn
 11252 | Abyss:1  | Noticed a shadow dragon
 11327 | Abyss:2  | Found a bloodstained altar of Trog.
 11332 | Abyss:2  | Reached skill level 10 in Shapeshifting
 11481 | Abyss:2  | Noticed a sixfirhy
 11488 | Abyss:2  | Killed a sixfirhy
 11535 | Abyss:2  | Noticed a large abomination
 11541 | Abyss:2  | Reached skill level 10 in Fighting
 11543 | Abyss:2  | Killed a large abomination
 11553 | Abyss:2  | Found a bloodstained altar of Trog.
 11557 | Abyss:2  | Noticed a thrashing horror
 11564 | Abyss:2  | Noticed a soul eater
 11567 | Abyss:2  | Killed a thrashing horror
 11570 | D:11     | Escaped the Abyss
 11576 | D:11     | Killed Erolcha
 11577 | D:11     | Gained mutation: You have sharp fingernails. [demonic
                  | ancestry]
 11577 | D:11     | Reached XP level 12. HP: 51/98 MP: 15/15
 11836 | D:11     | Found a runed translucent door.
 11836 | D:11     | Found a shimmering altar of Xom.
 11836 | D:11     | Noticed Flugkiller's ghost (novice DsSh)
 11884 | D:11     | Reached skill level 10 in Unarmed Combat
 12083 | D:11     | Found an opulent altar of Gozag.
 12085 | D:11     | Found Gozag's Platinum Reserve.
 12403 | Lair:1   | Entered Level 1 of the Lair of Beasts
 13494 | Lair:2   | Reached skill level 5 in Dodging
 13669 | Lair:2   | Found a hole to the Spider Nest.
 13693 | Lair:2   | Noticed a boulder beetle
 13701 | Lair:2   | Killed a boulder beetle
 14938 | Lair:3   | Gained mutation: You have very sharp fingernails. [demonic
                  | ancestry]
 14938 | Lair:3   | Reached XP level 13. HP: 105/105 MP: 17/17
 15147 | Lair:3   | Reached skill level 5 in Evocations
 15151 | Lair:3   | Found a staircase to the Shoals.
 15921 | Lair:4   | Noticed Sonja
 15922 | Lair:4   | Sonja changed into Sonja the water moccasin
 15922 | Lair:4   | Noticed Sonja
 15929 | Lair:4   | Killed Sonja the water moccasin
 16095 | Lair:4   | Found a staircase to the Slime Pits.
 16817 | Lair:4   | Reached skill level 10 in Invocations
 17003 | Lair:5   | Entered Level 5 of the Lair of Beasts
 17123 | Lair:5   | Noticed Kirke
 17146 | Lair:5   | Killed Kirke
 17589 | Lair:5   | Reached skill level 11 in Shapeshifting
 17696 | Lair:5   | Gained mutation: A meltable icy envelope protects you from
                  | harm. (AC +0) [demonic ancestry]
 17696 | Lair:5   | Reached XP level 14. HP: 49/111 MP: 22/22
 18559 | D:12     | Reached skill level 12 in Shapeshifting
 19654 | D:13     | Identified the +11 long sword of Fatelu {pain, rElec rN+}
 20344 | D:14     | Reached skill level 13 in Shapeshifting
 20517 | D:14     | Found a gate to the Vaults.
 20954 | D:14     | Found the amulet of Vitality {RegenMP++ Regen++}
 20956 | D:14     | Noticed Menkaure
 20967 | D:14     | Killed Menkaure
 21457 | D:15     | Entered Level 15 of the Dungeon
 21775 | D:15     | Reached skill level 14 in Shapeshifting
 22116 | D:15     | Found a staircase to the Depths.
 22412 | Orc:1    | Entered Level 1 of the Orcish Mines
 22769 | Orc:2    | Entered Level 2 of the Orcish Mines
 22808 | Orc:2    | Gained mutation: You have a sharp stinger which inflicts
                  | weakening toxins. [demonic ancestry]
 22808 | Orc:2    | Reached XP level 15. HP: 117/117 MP: 23/23
 22887 | Orc:2    | Found a staircase to the Elven Halls.
 23113 | Orc:2    | Found Qipeprav's Weapon Boutique.
 23141 | Orc:2    | Found Puxeffo's Assorted Antiques.
 23310 | Orc:2    | Found a runed translucent door.
 23362 | Orc:2    | Found Didd's Magic Scroll Boutique.
 23378 | Orc:2    | Bought a scroll of fog for 60 gold pieces
 23382 | Orc:2    | Found Kaipp's Antique Armour Emporium.
 23601 | Orc:2    | Reached skill level 15 in Shapeshifting
 23742 | Orc:2    | Bought a twisted diamond ring for 150 gold pieces
 23937 | Spider:1 | Entered Level 1 of the Spider Nest
 24181 | Spider:1 | Noticed Roxanne
 24304 | Spider:1 | Killed Roxanne
 24756 | Spider:1 | Noticed an emperor scorpion
 24766 | Spider:1 | Killed an emperor scorpion
 25352 | Spider:1 | Noticed Azrael
 25373 | Spider:1 | Killed Azrael
 25673 | Spider:2 | Gained mutation: You have claws for hands. [demonic
                  | ancestry]
 25673 | Spider:2 | Reached XP level 16. HP: 127/127 MP: 24/24
 25682 | Spider:2 | Noticed Frances
 25690 | Spider:2 | Killed Frances
 25691 | Spider:2 | Reached skill level 16 in Shapeshifting
 26809 | Spider:3 | Identified the ring of Wuequm {rElec rCorr Str-2 Dex+6}
 27312 | Spider:4 | Entered Level 4 of the Spider Nest
 27562 | Spider:4 | Reached skill level 17 in Shapeshifting
 27661 | Spider:4 | Gained mutation: You punish those that try to bend your
                  | will. (Will+) [demonic ancestry]
 27661 | Spider:4 | Reached XP level 17. HP: 137/137 MP: 25/25
 27740 | Spider:4 | Got a gossamer rune of Zot
 28311 | Shoals:1 | Entered Level 1 of the Shoals
 28415 | Shoals:1 | Noticed Aizul
 28435 | Shoals:1 | Killed Aizul
 28512 | Shoals:1 | You fall into a shaft and drop 1 floor!
 28516 | Shoals:2 | Noticed Polyphemus
 28526 | Shoals:2 | Killed Polyphemus
 28564 | Shoals:2 | Found a runed translucent door.
 28569 | Shoals:2 | Noticed Plog's ghost (adept GnAE)
 28601 | Shoals:2 | Noticed Louise
 28625 | Shoals:2 | Killed Louise
 28747 | Shoals:2 | Noticed Donald
 28762 | Shoals:2 | Killed Donald
 29442 | Shoals:2 | Identified the +0 mace of Analysis {heavy, Will+}
 29537 | Shoals:2 | Noticed Nikola
 29547 | Shoals:2 | Killed Nikola
 29852 | Shoals:2 | Killed Plog's ghost
 29895 | Shoals:3 | Reached skill level 18 in Shapeshifting
 30117 | Shoals:3 | Found a runed translucent door.
 30453 | Shoals:3 | Noticed vcxz's ghost (adept NaWn)
 30527 | Shoals:3 | Killed vcxz's ghost
 30533 | Shoals:3 | Identified the ring of Dataece {Fire rElec rCorr Str-5
                  | Int-2}
 30665 | Shoals:4 | Entered Level 4 of the Shoals
 30665 | Shoals:4 | Found a stormy altar of Qazlal.
 30671 | Shoals:4 | Gained mutation: You have a pair of antennae on your head.
                  | [demonic ancestry]
 30671 | Shoals:4 | Reached XP level 18. HP: 147/147 MP: 26/26
 30827 | Shoals:4 | Paralysed by an air elemental for 1 turns
 30829 | Shoals:4 | Paralysed by an air elemental for 1 turns
 30835 | Shoals:4 | Paralysed by an air elemental for 1 turns
 30837 | Shoals:4 | Paralysed by an air elemental for 1 turns
 31046 | Shoals:4 | Identified the +8 orcbow of the Goat {antimagic, Str+2}
 31103 | Shoals:4 | Paralysed by an air elemental for 1 turns
 31159 | Shoals:4 | Got a barnacled rune of Zot
 31270 | Shoals:4 | Reached skill level 15 in Fighting
 31789 | Vaults:1 | Entered Level 1 of the Vaults
 32129 | Vaults:1 | Found Qir Qob's Armour Shoppe.
 32219 | Vaults:1 | Noticed Asterion
 32229 | Vaults:1 | Killed Asterion
 32491 | Vaults:1 | Reached skill level 19 in Shapeshifting
 33035 | Vaults:2 | Reached XP level 19. HP: 157/157 MP: 27/27
 33302 | Vaults:2 | Found a staircase to the Crypt.
 33579 | Vaults:2 | Reached skill level 15 in Unarmed Combat
 33831 | Vaults:2 | Gained mutation: Your magical capacity is low. (-10% MP) [a
                  | shining eye]
 34222 | Vaults:3 | Found a crumbling gateway.
 34237 | Desolati | Entered the Desolation of Salt
 34271 | Desolati | Identified the +5 sling of Tender Mercy {freeze, Dex+2}
 34295 | Desolati | Reached skill level 20 in Shapeshifting
 34356 | Desolati | Identified the +0 tower shield "Kecyen" {rF+ rCorr Str-4
                  | Dex+3}
 34388 | Desolati | Identified the ring of Existentialism {rC+ Str+3}
 34462 | Desolati | Identified the +0 war axe "Orb Guardian's Curse" {freeze,
                  | rPois rN+}
 34513 | Desolati | Identified the ring of Goceicwu {*Corrode rF+ Str+6 Int+3
                  | Dex+2}
 34533 | Desolati | Found the +8 arc blade {discharge, rElec}
 34551 | Desolati | Identified the +1 shortbow of Righteous Fury {flame, Str+5
                  | Dex-3}
 34727 | Desolati | Identified the +7 hand axe "Kogipism" {flame, +Blink Int+4}
 34742 | Desolati | Got Bedaaz's Handbook of the Pestilent Door
 34767 | Desolati | Got Polixkiepn's Almanac of Kinetic Energy
 34769 | Desolati | Got Riciasaurgh's Handbook of the Evil Shapeshifter
 34776 | Desolati | Gained mutation: A demonic guardian rushes to your aid.
                  | [demonic ancestry]
 34776 | Desolati | Reached XP level 20. HP: 167/167 MP: 25/25
 34792 | Desolati | Identified the +2 chain mail of the Rhinotaur {rElec rC++
                  | Slay+3}
 35536 | Vaults:3 | Found Jusuonaa's Assorted Antiques.
 35715 | Vaults:3 | Identified the +5 halberd of Generosity {freeze, MP+9}
 36103 | Vaults:4 | Found Wukhyor's Antique Weapon Boutique.
 36688 | Depths:1 | Entered Level 1 of the Depths
 36785 | Depths:1 | Reached skill level 21 in Shapeshifting
 36836 | Depths:1 | Noticed Sojobo
 36841 | Depths:1 | Paralysed by an air elemental for 1 turns
 36955 | Depths:1 | Paralysed by an air elemental for 1 turns
 36957 | Depths:1 | Paralysed by an air elemental for 1 turns
 36960 | Depths:1 | Paralysed by an air elemental for 1 turns
 36965 | Depths:1 | Paralysed by an air elemental for 1 turns
 36969 | Depths:1 | Killed Sojobo
 37167 | Depths:1 | Identified the +9 plate armour of Hemit {Str-2 Dex+6 SInv}
 37188 | Depths:1 | Found Gepecit's Antique Weapon Shop.
 37231 | Depths:1 | Found a gateway to Hell.
 37646 | Depths:2 | Found Vuahap's Antique Weapon Shop.
 37701 | Depths:2 | Gained mutation: You are resistant to unholy torment.
                  | [demonic ancestry]
 37701 | Depths:2 | Reached XP level 21. HP: 176/176 MP: 26/26
 37802 | Depths:2 | You fall into a shaft and drop 1 floor!
 37824 | Depths:3 | Noticed a juggernaut
 37828 | Depths:3 | Killed a juggernaut
 37838 | Depths:3 | Noticed a caustic shrike
 37848 | Depths:3 | Killed a caustic shrike
 37848 | Depths:3 | Slain by a deep troll

Illustrated notes

Levels and vault maps discovered:
D:1:      eino_arrival_cavern_e, layout_basic, shapermc_ecumenical_altar_venn,
          hangedman_abyss_or_decor_lesser_grid
D:2:      layout_rooms
D:3:      layout_basic, nicolae_uskayaw_en_pointe,
          lemuel_coloured_pillars_altar, minmay_statues_item,
          minmay_misc_feat_doors, chequers_serial_rivers_micro_d,
          grunt_decor_cap, chequers_serial_rivers_small_a
D:4:      layout_gridville, dreamdust_wishing_well
D:5:      layout_basic, nrook_loot_triangle, minmay_misc_feat_rugged
D:6:      layout_basic, nicolae_ru_great_annihilating_truth,
          grunt_temple_overflow_cloverleaf, temple_statues, kennysheep_path_1,
          uniq_grinder, uniq_sigmund, uniq_maggie
D:7:      layout_loops_ring, serial_shops, nicolae_shop_bloodbath_and_beyond,
          ebering_ghost_inner_flame
D:8:      layout_loops_corners, erik_lair_orcish_takeover
D:9:      gammafunk_corrupted_shrine, layout_basic, gammafunk_ghost_necromancy
D:10:     layout_roguey, mainiacjoe_overflow_24_doors, zombieorc1_lemuel,
          enter_trove_2
D:11:     layout_small_grid, ebering_ghost_xom, serial_shops,
          nicolae_shop_rolled_up, nicolae_gozag_zags_fifth_avenue, uniq_erolcha
D:12:     layout_basic
D:13:     layout_basic
D:14:     ragdoll_tomb_raider, layout_loops_cross
D:15:     grunt_enter_depths_hoard, layout_irregular_city, serial_park_square2
Lair:1:   layout_cellular_growth, lemuel_fruit_tree
Lair:2:   layout_misc_corridors, nicolae_spider_entry_non_spiders
Lair:3:   layout_regular_city, minmay_shoals_entry_lonely_mermaid, dpeg_oklob_1
Lair:4:   layout_cave_pods, minmay_slime_entry_jelly_boxes,
          nicolae_lair_liquid_snakes, serial_bayou_shore_a, uniq_sonja
Lair:5:   hangedman_lair_caniforms_friends, layout_gridlike, grunt_megastairs_1,
          uniq_kirke
Shoals:1: layout_shoals, uniq_aizul
Shoals:2: layout_shoals, ebering_ghost_reflecting_pool, st_sunken_temple,
          uniq_donald, uniq_polyphemus, uniq_louise, uniq_nikola
Shoals:3: layout_shoals, ebering_ghost_reflecting_pool
Shoals:4: shoals_end_hellmonk_storm_palace [storm_palace_center_ruins,
          storm_palace_corner_narrow, storm_palace_corner_blocked,
          storm_palace_corner_altar, storm_palace_corner_narrow]
Spider:1: layout_cave_pods, nicolae_spider_circle_web, uniq_roxanne, uniq_azrael
Spider:2: layout_chambers, nicolae_spider_undead_wolf_pack, uniq_frances
Spider:3: layout_spider_delve, hive_lemuel
Spider:4: hellmonk_spider_rune_endless_swarm
Orc:1:    layout_caves, basic_altar
Orc:2:    st_orc_town, layout_caves, lightli_church_of_beogh
Vaults:1: nicolae_vaults_tetromino_Z_1, hangedman_vaults_stream,
          ontoclasm_vaults_idyll, nicolae_vaults_little_squares_1,
          hangedman_vaults_cutoff, nicolae_vaults_loss_of_containment,
          nicolae_vaults_closet_pinwheel_4, v_misc_5, vaults_dpeg_encased_lava,
          vaults_room_door_ring, nicolae_vaults_alarming,
          layout_vaults_omnigrid, serial_shops, nicolae_shop_tiny_statue_garden,
          uniq_asterion
Vaults:2: minmay_crypt_entry_simple_round, ontoclasm_vaults_ring_large,
          v_misc_30, ontoclasm_vaults_claustrophobia,
          nicolae_vaults_network_star, nicolae_vaults_c_with_doors,
          v_alt_pattern_1, nicolae_vaults_mitosis, vaults_standard_mumra_x,
          hangedman_vaults_trim, nicolae_vaults_little_squares_6,
          vaults_room_grunt_arrival_checkpoint,
          nicolae_vaults_trapezoid_layered, ontoclasm_vaults_twist,
          layout_vaults_omnibox
Vaults:3: portal_desolation_entry_salt, vaults_room_door_hall,
          hangedman_vaults_restitches, nicolae_vaults_theta, v_misc_16,
          nicolae_vaults_offset_grid_hallway_4, v_misc_19,
          nicolae_vaults_trapezoid_lopsided_2, dpeg_vaults_monster_row,
          vaults_dpeg_diagonal, layout_vaults_ring, serial_shops,
          nicolae_shop_trees
Vaults:4: v_misc_10, hangedman_vaults_slice, nicolae_vaults_trapezoid_1,
          vaults_room_door_hall, hangedman_vaults_capsules,
          nicolae_vaults_offset_grid_hallway_4, v_misc_9,
          nicolae_vaults_diamond_1, layout_vaults_big_room, serial_shops,
          nicolae_shop_stone
Depths:1: layout_cave_pools, marbit_kobold_abyss_entry, serial_shops, shop,
          nicolae_the_louvre, hell_entry, kennysheep_small_square, uniq_sojobo
Depths:2: minmay_fractal_lines_corner, layout_gridlike, grunt_pan_entry_spiral,
          minmay_misc_feat_rows, pf_vacation_house_of_asmodeus, serial_shops,
          shop, infiniplex_staircase_pool_2, uniq_vv
Depths:3: minmay_central_circle, layout_cross, enter_ziggurat_b, abyss_entry,
          grunt_mini_vestibule, hangedman_decor_slide_cut

Skill      XL: |  1  2  3  4  5  6  7  8  9 10 11 12 13 14 15 16 17 18 19 20 21 |
---------------+----------------------------------------------------------------+-----
Shapeshifting  | 3 4 5 7 8 10 11 14 15 17 18 19 20 21 | 21.4
Fighting       | 2 3 4 5 7 8 10 12 13 14 15 16 17 18 | 18.1
Unarmed Combat | 3 4 5 6 8 9 10 11 12 13 14 15 16 | 16.8
Invocations    | 2 4 5 6 11 | 11.0
Evocations     | 3 4 6 |  6.0
Dodging        | 8 |  8.0

Action                     |  1- 3 |  4- 6 |  7- 9 | 10-12 | 13-15 | 16-18 | 19-21 || total
---------------------------+-------+-------+-------+-------+-------+-------+-------++-------
  Melee: Unarmed           |    11 |    59 |   404 |   580 |  1153 |  1152 |   794 ||  4153
         Hand axe          |    57 |    36 |       |       |       |       |       ||    93
         Punch             |     3 |     1 |    22 |    20 |     8 |       |       ||    54
         Tailslap          |     4 |     9 |    70 |    57 |    51 |   201 |   153 ||   545
         Constrict         |       |       |       |    68 |   183 |       |       ||   251
         Bite              |       |       |       |       |    14 |       |       ||    14
  Throw: Throwing net      |       |       |     1 |       |       |       |       ||     1
 Invoke: Stomp             |       |       |       |       |     2 |     1 |     4 ||     7
         Grand Finale      |       |       |       |       |     1 |     4 |     1 ||     6
         Line Pass         |       |       |       |       |       |       |     1 ||     1
  Evoke: Wand              |       |       |     5 |     9 |     1 |     2 |       ||    17
    Use: Scroll            |     1 |     5 |     2 |    14 |     5 |     8 |     2 ||    37
         Potion            |       |     2 |     5 |     7 |     1 |    10 |     2 ||    27
   Stab: Paralysed         |       |       |    15 |    59 |    90 |    96 |    76 ||   336
         Distracted        |       |       |     1 |     2 |     2 |       |     1 ||     6
         Held in net/web   |       |       |     2 |       |       |       |       ||     2
         Sleeping          |       |       |       |     2 |     1 |     3 |     2 ||     8
         Petrified         |       |       |       |       |       |     4 |       ||     4
 Armour: Chain mail        |    32 |    62 |   133 |       |       |       |       ||   227
         Skin              |       |     4 |     6 |    92 |   520 |   909 |   635 ||  2166
         Plate armour      |       |     4 |       |       |       |       |       ||     4
         Swamp dragon scal |       |       |    87 |    62 |       |       |       ||   149
         Troll leather arm |       |       |       |    12 |       |       |       ||    12
  Dodge: Dodged            |    35 |    34 |   167 |   290 |   970 |  1596 |  1084 ||  4176
  Block: Other             |       |       |    36 |    70 |   149 |       |       ||   255
         Buckler           |       |       |       |    18 |   153 |   881 |   565 ||  1617
   Form: Anaconda          |       |       |       |     4 |     1 |       |       ||     5
         Beast             |       |       |       |     3 |       |       |       ||     3
                           |       |       |       |     2 |       |       |       ||     2
         Dragon            |       |       |       |       |     2 |     1 |       ||     3
         Statue            |       |       |       |       |     1 |     1 |       ||     2

Table legend: (Time is in decaauts)
 A = Elapsed time spent in this place.
 B = Non-inter-level travel time spent in this place.
 C = Inter-level travel time spent in this place.
 D = Time resting spent in this place.
 E = Time spent auto-exploring this place.
 F = Levels seen in this place.
 G = Mean time per level.
                   A        B        C        D        E       F      G
               +--------+--------+--------+--------+--------+-----+--------+
         Total |  44425 |  41635 |   2790 |   7308 |  23762 |  40 | 1110.6 |
       Dungeon |  16555 |  15460 |   1095 |   4565 |   7830 |  15 | 1103.7 |
          Lair |   6411 |   5900 |    511 |   1784 |   3005 |   5 | 1282.2 |
        Shoals |   5143 |   4826 |    317 |    373 |   2753 |   4 | 1285.8 |
   Spider Nest |   5938 |   5642 |    296 |    149 |   3950 |   4 | 1484.5 |
  Orcish Mines |   1350 |   1231 |    119 |     85 |    781 |   2 |  675.0 |
        Vaults |   5836 |   5423 |    413 |     82 |   4023 |   4 | 1459.0 |
        Depths |   1395 |   1359 |     36 |     76 |    783 |   3 |  465.0 |
         Abyss |    626 |    626 |      0 |    146 |      0 |   2 |  313.0 |
    Desolation |   1167 |   1167 |      0 |     46 |    634 |   1 | 1167.0 |
               +--------+--------+--------+--------+--------+-----+--------+

Top non-repeatable levels by time:
     D:6: 2185 daAuts
Spider:1: 1899 daAuts
Vaults:1: 1738 daAuts
Spider:2: 1704 daAuts
Vaults:2: 1651 daAuts
     D:8: 1595 daAuts
    D:10: 1506 daAuts
Shoals:2: 1503 daAuts
  Lair:2: 1467 daAuts
Vaults:3: 1433 daAuts
Shoals:3: 1386 daAuts
  Lair:5: 1357 daAuts
    D:14: 1313 daAuts
Shoals:4: 1278 daAuts
Spider:4: 1257 daAuts
